TOP OF THE 1ST |
Trenton Stars batting - Pitching for Utica Unicorns : RHP Alberto Parra
|
Pitching: RHP Alberto Parra
|
|
Batting: SHB Nick Marshall
|
0-0: Ball 1-0: Ball 2-0: Called Strike 2-1: Ball 3-1: Base on Balls
|
Batting: RHB Jesús Dávila
|
0-0: Called Strike 0-1: Called Strike Nick Marshall steals 2nd base 0-2: Ball 1-2: Ball 2-2: Ground out 5-3 (Groundball, 56)
|
Batting: RHB Ken McDonald
|
0-0: SINGLE (Groundball, 56D) Nick Marshall to third Runner from 3rd tries for Home, SAFE, no throw
|
Batting: RHB Jonas Uttley
|
0-0: Ball 1-0: Swinging Strike 1-1: Ball 2-1: Ball 3-1: Called Strike 3-2: Strikes out swinging
|
Batting: RHB Randy Simons
|
0-0: Ball 1-0: Ball 2-0: Ball 3-0: Base on Balls Ken McDonald to second
|
Batting: RHB Rafael Canales
|
0-0: Swinging Strike 0-1: Called Strike 0-2: Strikes out looking
|
Top of the 1st over - 1 run(s), 1 hit(s), 0 error(s), 2 left on base; Trenton 1 - Utica 0 |
BOTTOM OF THE 1ST |
Utica Unicorns batting - Pitching for Trenton Stars : LHP Weston Harper
|
Pitching: LHP Weston Harper
|
|
Batting: LHB Jesús Raugel
|
0-0: Called Strike 0-1: Foul Ball, location: 2F 0-2: Ball 1-2: Ball 2-2: Ball 3-2: Base on Balls
|
Batting: RHB Mitsuoki Taguchi
|
0-0: Ball 1-0: Ball Jesús Raugel steals 2nd base 2-0: Ball 3-0: Called Strike 3-1: Foul Ball, location: 2F 3-2: Base on Balls
|
Batting: LHB Sixto Cantú
|
0-0: Called Strike 0-1: Ball 1-1: Called Strike 1-2: Strikes out swinging
|
Batting: LHB José Román
|
0-0: Swinging Strike 0-1: Called Strike 0-2: Strikes out looking
|
Batting: RHB Danny Crouch
|
0-0: Fielders Choice at 2nd, 5-4 (Groundball, 5)
|
Bottom of the 1st over - 0 run(s), 0 hit(s), 0 error(s), 1 left on base; Trenton 1 - Utica 0 |
TOP OF THE 2ND |
Trenton Stars batting - Pitching for Utica Unicorns : RHP Alberto Parra
|
Batting: RHB Clancy Booker
|
0-0: Ball 1-0: Ball 2-0: Called Strike 2-1: Ball 3-1: Base on Balls
|
Batting: RHB Aaron Washington
|
0-0: Called Strike 0-1: Ball 1-1: Ball 2-1: Foul Ball, location: 2F 2-2: Ball 3-2: Base on Balls Clancy Booker to second
|
Batting: RHB Leonardo Pinto
|
0-0: Grounds into double play, 3-6-3 (Groundball, 34) Clancy Booker to third
|
Batting: SHB Nick Marshall
|
0-0: Called Strike 0-1: Ball 1-1: Foul Ball, location: 2F 1-2: Strikes out swinging
|
Top of the 2nd over - 0 run(s), 0 hit(s), 0 error(s), 1 left on base; Trenton 1 - Utica 0 |
BOTTOM OF THE 2ND |
Utica Unicorns batting - Pitching for Trenton Stars : LHP Weston Harper
|
Batting: LHB Mitchell Oglethorpe
|
0-0: Swinging Strike 0-1: Ball 1-1: Foul Ball, location: 2F 1-2: SINGLE (Groundball, 56D)
|
Batting: RHB Andrew Good
|
0-0: 2-RUN HOME RUN (Flyball, 9D), Distance : 381 ft
|
Batting: LHB Bill Hall
|
0-0: Ball 1-0: Foul Ball, location: 2F 1-1: Swinging Strike 1-2: Fly out, F8 (Flyball, 8RD)
|
Batting: RHB Manny Ramírez
|
0-0: Swinging Strike 0-1: Foul Ball, location: 2F 0-2: Ball 1-2: Foul Ball, location: 2F 1-2: Ball 2-2: Foul Ball, location: 2F 2-2: Strikes out swinging
|
Batting: LHB Jesús Raugel
|
0-0: Foul Ball, location: 2F 0-1: Foul Ball, location: 2F 0-2: Ball 1-2: Strikes out swinging
|
Bottom of the 2nd over - 2 run(s), 2 hit(s), 0 error(s), 0 left on base; Trenton 1 - Utica 2 |
TOP OF THE 3RD |
Trenton Stars batting - Pitching for Utica Unicorns : RHP Alberto Parra
|
Batting: RHB Jesús Dávila
|
0-0: Ground out 5-3 (Groundball, 56)
|
Batting: RHB Ken McDonald
|
0-0: Foul Ball, location: 2F 0-1: Ground out 6-3 (Groundball, 56)
|
Batting: RHB Jonas Uttley
|
0-0: Ball 1-0: SINGLE (Groundball, 6MD)
|
Batting: RHB Randy Simons
|
0-0: Ball 1-0: Called Strike 1-1: Called Strike 1-2: Strikes out looking
|
Top of the 3rd over - 0 run(s), 1 hit(s), 0 error(s), 1 left on base; Trenton 1 - Utica 2 |
BOTTOM OF THE 3RD |
Utica Unicorns batting - Pitching for Trenton Stars : LHP Weston Harper
|
Batting: RHB Mitsuoki Taguchi
|
0-0: Foul Ball, location: 2F 0-1: Ball 1-1: Foul Ball, location: 2F 1-2: Strikes out looking
|
Batting: LHB Sixto Cantú
|
0-0: Ball 1-0: Fly out, F9 (Flyball, 89S)
|
Batting: LHB José Román
|
0-0: Foul Ball, location: 2F 0-1: Foul Ball, location: 2F 0-2: Strikes out swinging
|
Bottom of the 3rd over - 0 run(s), 0 hit(s), 0 error(s), 0 left on base; Trenton 1 - Utica 2 |
TOP OF THE 4TH |
Trenton Stars batting - Pitching for Utica Unicorns : RHP Alberto Parra
|
Batting: RHB Rafael Canales
|
0-0: Ball 1-0: Ball 2-0: Ball 3-0: Base on Balls
|
Batting: RHB Clancy Booker
|
0-0: Called Strike 0-1: Swinging Strike 0-2: Fielders Choice at 2nd, 5-4 (Groundball, 56)
|
Batting: RHB Aaron Washington
|
0-0: Ball 1-0: Ball 2-0: Called Strike 2-1: SINGLE (Line Drive, 56) Clancy Booker to second
|
Batting: RHB Leonardo Pinto
|
0-0: Reached on error, E4 (Groundball, 4S) Clancy Booker to third Aaron Washington to second
|
Batting: SHB Nick Marshall
|
0-0: Swinging Strike 0-1: Ball 1-1: Swinging Strike 1-2: Strikes out looking
|
Batting: RHB Jesús Dávila
|
0-0: Ball 1-0: Ball 2-0: Swinging Strike 2-1: Swinging Strike 2-2: Ball 3-2: Base on Balls Clancy Booker scores Aaron Washington to third Leonardo Pinto to second
|
Batting: RHB Ken McDonald
|
0-0: Swinging Strike 0-1: Called Strike 0-2: Fly out, F4 (Line Drive, 4M)
|
Top of the 4th over - 1 run(s), 1 hit(s), 1 error(s), 3 left on base; Trenton 2 - Utica 2 |
BOTTOM OF THE 4TH |
Utica Unicorns batting - Pitching for Trenton Stars : LHP Weston Harper
|
Batting: RHB Danny Crouch
|
0-0: Ball 1-0: SOLO HOME RUN (Flyball, 78XD), Distance : 431 ft
|
Batting: LHB Mitchell Oglethorpe
|
0-0: Ball 1-0: Called Strike 1-1: Ball 2-1: Swinging Strike 2-2: Ball 3-2: Base on Balls
|
Batting: RHB Andrew Good
|
0-0: Called Strike 0-1: Swinging Strike 0-2: Ground out 6-3 (Groundball, 6S) Mitchell Oglethorpe to second
|
Batting: LHB Bill Hall
|
0-0: Fly out, F8 (Line Drive, 89M)
|
Batting: RHB Manny Ramírez
|
0-0: Called Strike 0-1: Foul Ball, location: 2F 0-2: Ball 1-2: Ball 2-2: Foul Ball, location: 2F 2-2: Foul Ball, location: 2F 2-2: Ball 3-2: Foul Ball, location: 2F 3-2: 2-RUN HOME RUN (Flyball, 7LD), Distance : 358 ft
|
Batting: LHB Jesús Raugel
|
0-0: Ball 1-0: Called Strike 1-1: Called Strike 1-2: TRIPLE (Flyball, 8LD)
|
Batting: RHB Mitsuoki Taguchi
|
0-0: Called Strike 0-1: Swinging Strike 0-2: Strikes out swinging
|
Bottom of the 4th over - 3 run(s), 3 hit(s), 0 error(s), 1 left on base; Trenton 2 - Utica 5 |
TOP OF THE 5TH |
Trenton Stars batting - Pitching for Utica Unicorns : RHP Alberto Parra
|
Batting: RHB Jonas Uttley
|
0-0: DOUBLE (Line Drive, 78D)
|
Batting: RHB Randy Simons
|
0-0: Ball 1-0: Swinging Strike 1-1: Called Strike 1-2: Reached on error, E5 (Groundball, 56) Jonas Uttley to third
|
Batting: RHB Rafael Canales
|
0-0: Ball Randy Simons is caught stealing 2nd base 1-0: SINGLE (Line Drive, 4D) Jonas Uttley scores
|
Batting: RHB Clancy Booker
|
0-0: Ball 1-0: Ball 2-0: Called Strike 2-1: SINGLE (Groundball, 4M) (infield hit) Rafael Canales to second
|
Batting: RHB Aaron Washington
|
0-0: Foul Ball, location: 2F 0-1: Swinging Strike 0-2: Strikes out swinging
|
Batting: RHB Leonardo Pinto
|
0-0: Ball 1-0: Foul Ball, location: 2F 1-1: Called Strike 1-2: Foul Ball, location: 2F 1-2: Strikes out swinging
|
Top of the 5th over - 1 run(s), 3 hit(s), 1 error(s), 2 left on base; Trenton 3 - Utica 5 |
BOTTOM OF THE 5TH |
Utica Unicorns batting - Pitching for Trenton Stars : LHP Weston Harper
|
Pitching: RHP Bartolo Rodríguez
|
|
Batting: LHB Sixto Cantú
|
0-0: Called Strike 0-1: Ball 1-1: Ball 2-1: Ball 3-1: Base on Balls
|
Batting: LHB José Román
|
0-0: Ball 1-0: Ball 2-0: Ball 3-0: Base on Balls Sixto Cantú to second
|
Batting: RHB Danny Crouch
|
0-0: Called Strike 0-1: Swinging Strike 0-2: Ball 1-2: Strikes out swinging
|
Batting: LHB Mitchell Oglethorpe
|
0-0: Ball 1-0: Ground out 3-1 (Groundball, 34S) Sixto Cantú to third José Román to second
|
Batting: RHB Andrew Good
|
0-0: Called Strike 0-1: Ball 1-1: Foul Ball, location: 2F 1-2: Fly out, F8 (Flyball, 89D)
|
Bottom of the 5th over - 0 run(s), 0 hit(s), 0 error(s), 2 left on base; Trenton 3 - Utica 5 |
TOP OF THE 6TH |
Trenton Stars batting - Pitching for Utica Unicorns : RHP Alberto Parra
|
Batting: SHB Nick Marshall
|
0-0: Called Strike 0-1: Ball 1-1: SINGLE (Groundball, 23) (infield hit)
|
Batting: RHB Jesús Dávila
|
0-0: Ball 1-0: Ball 2-0: Swinging Strike 2-1: Called Strike 2-2: Ball 3-2: Strikes out swinging Nick Marshall is caught stealing 2nd base Batter strikes out.
|
Batting: RHB Ken McDonald
|
0-0: Called Strike 0-1: Foul Ball, location: 2F 0-2: DOUBLE (Flyball, 89M)
|
Pitching: RHP Grant Jackson
|
|
Batting: RHB Jonas Uttley
|
0-0: Hit by Pitch
|
Batting: RHB Randy Simons
|
0-0: Ball 1-0: Swinging Strike 1-1: Called Strike 1-2: Strikes out looking
|
Top of the 6th over - 0 run(s), 2 hit(s), 0 error(s), 2 left on base; Trenton 3 - Utica 5 |
BOTTOM OF THE 6TH |
Utica Unicorns batting - Pitching for Trenton Stars : RHP Bartolo Rodríguez
|
Batting: LHB Bill Hall
|
0-0: Called Strike 0-1: Called Strike 0-2: Ground out U3 (Groundball, 34)
|
Batting: RHB Manny Ramírez
|
0-0: Called Strike 0-1: Foul Ball, location: 2F 0-2: Strikes out swinging
|
Batting: LHB Jesús Raugel
|
0-0: Ball 1-0: Foul Ball, location: 2F 1-1: Ball 2-1: Ball 3-1: Foul Ball, location: 2F 3-2: Ground out 5-3 (Groundball, 5)
|
Bottom of the 6th over - 0 run(s), 0 hit(s), 0 error(s), 0 left on base; Trenton 3 - Utica 5 |
TOP OF THE 7TH |
Trenton Stars batting - Pitching for Utica Unicorns : RHP Grant Jackson
|
Batting: RHB Rafael Canales
|
0-0: Ball 1-0: Ground out 1-3 (Groundball, P)
|
Batting: RHB Clancy Booker
|
0-0: Called Strike 0-1: Ball 1-1: Foul Ball, location: 2F 1-2: Strikes out swinging
|
Batting: RHB Aaron Washington
|
0-0: Fly out, F7 (Flyball, 7)
|
Top of the 7th over - 0 run(s), 0 hit(s), 0 error(s), 0 left on base; Trenton 3 - Utica 5 |
BOTTOM OF THE 7TH |
Utica Unicorns batting - Pitching for Trenton Stars : RHP Bartolo Rodríguez
|
Batting: RHB Mitsuoki Taguchi
|
0-0: Ball 1-0: Ball 2-0: Called Strike 2-1: DOUBLE (Flyball, 89XD)
|
Batting: LHB Sixto Cantú
|
0-0: Ball 1-0: Foul Ball, location: 2F 1-1: Ball 2-1: Swinging Strike 2-2: Ball 3-2: Strikes out swinging
|
Batting: LHB José Román
|
0-0: Intentional Walk
|
Pitching: RHP Tomás Pagán
|
|
Batting: RHB Danny Crouch
|
0-0: Called Strike 0-1: Ball 1-1: Ball 2-1: Ball 3-1: Grounds into double play, 6-4-3 (Groundball, 6)
|
Bottom of the 7th over - 0 run(s), 1 hit(s), 0 error(s), 1 left on base; Trenton 3 - Utica 5 |
TOP OF THE 8TH |
Trenton Stars batting - Pitching for Utica Unicorns : RHP Grant Jackson
|
Batting: RHB Leonardo Pinto
|
0-0: Ball 1-0: Called Strike 1-1: Called Strike 1-2: Fly out, F7 (Flyball, 7D)
|
Batting: SHB Nick Marshall
|
0-0: Ground out 6-3 (Groundball, 6)
|
Batting: RHB Jesús Dávila
|
0-0: Ball 1-0: Fly out, F7 (Flyball, 7D)
|
Top of the 8th over - 0 run(s), 0 hit(s), 0 error(s), 0 left on base; Trenton 3 - Utica 5 |
BOTTOM OF THE 8TH |
Utica Unicorns batting - Pitching for Trenton Stars : RHP Tomás Pagán
|
Batting: LHB Mitchell Oglethorpe
|
0-0: Foul Ball, location: 2F 0-1: Fly out, F7 (Flyball, 7S)
|
Batting: RHB Andrew Good
|
0-0: Foul Ball, location: 2F 0-1: Ball 1-1: Ball 2-1: Ground out 5-3 (Groundball, 56S)
|
Batting: LHB Bill Hall
|
0-0: Ball 1-0: Ball 2-0: Ball 3-0: Base on Balls
|
Batting: RHB Manny Ramírez
|
0-0: Fielders Choice at 2nd, 6-4 (Groundball, 6)
|
Bottom of the 8th over - 0 run(s), 0 hit(s), 0 error(s), 0 left on base; Trenton 3 - Utica 5 |
TOP OF THE 9TH |
Trenton Stars batting - Pitching for Utica Unicorns : RHP Grant Jackson
|
Pitching: RHP Patrick Doyle
|
|
Batting: RHB Ken McDonald
|
0-0: Fly out, F5 (Popup, 5L)
|
Batting: RHB Jonas Uttley
|
0-0: Foul Ball, location: 2F 0-1: Ball 1-1: Foul Ball, location: 2F 1-2: Ball 2-2: Strikes out swinging
|
Batting: RHB Randy Simons
|
0-0: Ball 1-0: Foul Ball, location: 2F 1-1: Called Strike 1-2: Ground out 4-3 (Groundball, 4)
|
Top of the 9th over - 0 run(s), 0 hit(s), 0 error(s), 0 left on base; Trenton 3 - Utica 5 |
|